 Dungeon Crawl Stone Soup version 0.29.1-15-g9cfb28693d (webtiles) character file.

Game seed: 3120238776459712948

20 Heoruswealwe the Shooter (level 3, 22/22 HPs)
             Began as a Kobold Hunter on Feb 21, 2023.
             Was a High Priest of Ignis.
             Got out of the dungeon alive.
             The game lasted 00:08:22 (763 turns).

Heoruswealwe the Shooter (Kobold Hunter)             Turns: 763, Time: 00:08:23

Health: 22/22      AC:  3    Str:  6 (8)  XL:     3   Next: 0%
Magic:  3/3        EV: 14    Int:  7 (10) God:    Ignis [*****.]
Gold:   28         SH:  0    Dex: 17 (20) Spells: 2/2 levels left

rFire   + . .      SeeInvis .   a - +0 shortbow
rCold   . . .      Faith    .   (shield currently unavailable)
rNeg    . . .      Spirit   .   c - +0 leather armour
rPois   .          Reflect  .   (no helmet)
rElec   .          Harm     .   (no cloak)
rCorr   .          Rampage  .   (no gloves)
Will    .....                   (no boots)
Stlth   +++.......              (no amulet)
HPRegen 0.07/turn               (no ring)
MPRegen 0.08/turn               (no ring)

@: no status effects
A: small, no large weapons, nightstalker 3
a: Renounce Religion, Fiery Armour, Foxfire Swarm, Rising Flame


You escaped.
You worshipped Ignis.
Ignis was extremely pleased with you.
You visited 1 branch of the dungeon, and saw 1 of its levels.

You collected 28 gold pieces.

Inventory:

Hand Weapons
 a - a +0 shortbow (weapon)
 e - a +0 dagger
 f - a +0 club
 g - a +0 dagger
 i - a +0 dagger
 j - a +0 short sword
 l - a +0 club
 n - a +0 short sword
 o - a +0 club
Armour
 c - a +0 leather armour (worn)
 m - a +0 ring mail
 p - a +0 robe
Scrolls
 b - a scroll of immolation
Potions
 h - a potion of heal wounds


   Skills:
 + Level 2.5 Fighting
 + Level 5.6 Ranged Weapons
 + Level 2.8 Dodging
 + Level 2.2 Stealth


You had 2 spell levels left.
You didn't know any spells.
Your spell library contained the following spells:

 Spells                   Type           Power      Damage    Failure   Level
 Dazzling Flash           Conj/Hex       0%         N/A       91%         3
 Agony                    Necr           0%         N/A       100%        5
 Silence                  Hex/Air        0%         N/A       100%        5


Dungeon Overview and Level Annotations

Branches:
Dungeon (1/15)

Altars:
Ignis

Shops:
D:1 !


Innate Abilities, Weirdness & Mutations

You are small and have problems with some larger weapons.
You are completely attuned to the shadows.


Message History

You kill the goblin!
You see here a +0 club.
o - a +0 club A dart slug comes into view.
You shoot an arrow. The arrow hits the dart slug.
The dart slug is heavily wounded.
You shoot an arrow. The arrow hits the dart slug.
The dart slug is almost dead.
You shoot an arrow. The arrow hits the dart slug.
You kill the dart slug!
You have reached level 3!
Your experience leads to an increase in your attributes!
Increase (S)trength, (I)ntelligence, or (D)exterity?
You feel agile. x2
Press: ? - help, v - describe, . - travel A rock wall.
Found a faded altar of an unknown god.
Found a robe.
The eye of devastation turns its gaze towards you.
The great orb of eyes turns its gaze towards you.
You see here a +0 robe.
p - a +0 robe The floating eye turns its gaze towards you.
The great orb of eyes pulsates ominously.
The great orb of eyes turns its gaze towards you.
There is a faded altar of an unknown god here.
You cannot tell which god this altar belongs to.
Convert to them anyway?
Ignis accepts your prayer! Ignis welcomes you!
As you read the scroll labelled URHUTWIETI, it crumbles to dust.
It is a scroll of identify.
h - a potion of heal wounds It was a potion of degeneration.
There was something very wrong with that liquid.
You feel weakened.
You feel dopey.
You feel clumsy.
There is a staircase leading out of the dungeon here.
Are you sure you want to leave the Dungeon?
This will make you lose the game!
Uppercase [Y]es or [N]o only, please.
Are you sure you want to leave the Dungeon?
This will make you lose the game!
You have escaped!

......##.# #.##.##.# ##...##..
.###.....# #.......# #...####
.#G#.########.##..#.## #...#
.###.................# #...#
........##...####.#..#####...####
..##...##.....###................
...#...#........###..............
.#.#.###...##.....##.............
.#.#..##..###...@..#.#####...####
.#.#.......###.....### #...#
......#....###......## #...#
...#...#....#...##...# ##...#
......##.......####..## #....#
..##..###.....## #...###.####
..##.## ##....# #....##.# ##
.....## #...## ###..#..#.# ##.
#.....####...####...###.#.#####.#


There were no monsters in sight!

Vanquished Creatures
  A dart slug (D:1)
  A ball python (D:1)
  An endoplasm (D:1)
  A giant cockroach (D:1)
  4 goblins (D:1)
  4 kobolds (D:1)
  A bat (D:1)
  2 frilled lizards (D:1)
  2 rats (D:1)
17 creatures vanquished.

Notes
Turn   | Place    | Note
-------+----------+-------------------------------------------
     0 | D:1      | Heoruswealwe the Kobold Hunter began the quest for the Orb.
     0 | D:1      | Reached XP level 1. HP: 12/12 MP: 1/1
   223 | D:1      | Found Ozidd's Distillery.
   225 | D:1      | Reached XP level 2. HP: 18/18 MP: 2/2
   658 | D:1      | Noticed a floating eye
   679 | D:1      | Reached XP level 3. HP: 22/22 MP: 3/3
   704 | D:1      | Found a faded altar of an unknown god.
   704 | D:1      | Noticed an eye of devastation
   707 | D:1      | Noticed a great orb of eyes
   707 | D:1      | Noticed a great orb of eyes
   738 | D:1      | Prayed at the altar of an unknown god.
   738 | D:1      | Became a worshipper of Ignis, the Dying Flame
   763 | D:$      | Got out of the dungeon alive.

Illustrated notes

Levels and vault maps discovered:
D:1:      dpeg_arrival_arbitrary_b, layout_loops_cross, serial_shops,
          nicolae_shop_temple_entry_statues_fountains,
          hellmonk_ecumenical_altar_watching_god, minmay_surrounded

Skill      XL: |  1  2 |
---------------+-------+-----
Stealth        | 2 |  2.2
Fighting       | |  2.5
Ranged Weapons | |  5.6
Dodging        | |  2.8

Action                   || total
-------------------------++-------
 Fire: Shortbow          ||    44
  Use: Scroll            ||     1
       Potion            ||     1
Armor: Leather armour    ||     4
Dodge: Dodged            ||    13
